 Dungeon Crawl Stone Soup version 0.12.2-14-g7c90c79 (webtiles) character file.

2300 MarVin the Cleaver (level 9, -1/59 (65) HPs)
             Began as a Demonspawn Fighter on Aug 5, 2013.
             Hit by a spear thrown by an orc warrior (16 damage)
             ... on Level 6 of the Dungeon.
             The game lasted 00:37:44 (9167 turns).

MarVin the Cleaver (Demonspawn Fighter)             Turns: 9167, Time: 00:37:44

HP  -1/59 (65)   AC 12     Str 20      XL: 9   Next:  5%
MP   8/8         EV  5     Int  9      God:
Gold 235         SH 19     Dex 13      Spells:  0 memorised,  8 levels left

Res.Fire  : + . .   See Invis. : .   T - +1,+2 orc hand axe (chop)
Res.Cold  : . . .   Warding    : .   R - +2 scale mail {rC+}
Life Prot.: . . .   Conserve   : +   c - +0 shield
Res.Poison: .       Res.Corr.  : .   S - +0 cap
Res.Elec. : .       Clarity    : .   (no cloak)
Sust.Abil.: . .     Spirit.Shd : .   (no gloves)
Res.Mut.  : .       Stasis     : .   (no boots)
Res.Rott. : .       Ctrl.Telep.: .   m - amulet of conservation
Saprovore : . . .   Flight     : .   o - ring of sustenance
                                     g - ring of fire

@: slightly resistant to hostile enchantments, extremely unstealthy
A: horns 1, AC +4
a: no special abilities


You were on level 6 of the Dungeon.
You were not hungry.

You visited 1 branch of the dungeon, and saw 7 of its levels.

You collected 215 gold pieces.

Inventory:

Hand weapons
 a - a +0,+0 hand axe {=f}
 F - a +1,+2 anti-magic glaive
 J - a +0,+0 hand axe (quivered)
 O - a +0,+1 orcish crossbow
 T - a +1,+2 orcish hand axe of chopping (weapon)
Missiles
 j - 10 bolts
Armour
 b - a +0 scale mail
 c - a +0 shield (worn)
 H - a +0 orcish chain mail
 R - a +2 scale mail of cold resistance (worn)
 S - a +0 cap (worn)
Magical devices
 s - a wand of fire (0)
 y - a wand of lightning (0)
Comestibles
 d - 5 bread rations
 f - a pear
 z - an apple
 A - 16 grapes
 B - a choko
 E - a beef jerky
 P - a meat ration
 V - 6 chunks of orc flesh
Scrolls
 h - a scroll of curse weapon {unknown}
 n - 2 scrolls of enchant weapon II {unknown}
 p - a scroll of amnesia {unknown}
 q - a scroll of curse armour {unknown}
 t - 5 scrolls of remove curse {unknown}
 u - a scroll of noise {unknown}
 v - a scroll of fog {unknown}
 w - a scroll of blinking {unknown}
 G - 2 scrolls of random uselessness {unknown}
 U - a scroll of identify
Jewellery
 g - a ring of fire (left hand)
 m - an amulet of conservation (around neck)
 o - a ring of sustenance (right hand)
 x - an uncursed ring of poison resistance {unknown}
 D - an uncursed ring of regeneration {unknown}
 I - an uncursed ring of teleport control {unknown}
 L - an uncursed amulet of clarity
Potions
 e - a potion of agility {unknown}
 i - 2 potions of magic
 k - a potion of gain intelligence {unknown}
 l - a potion of degeneration
 r - a potion of berserk rage {unknown}
 C - a potion of slowing {unknown}
 K - a potion of speed {unknown}
 M - a potion of mutation {unknown}
 N - a potion of paralysis {unknown}
 Q - 2 potions of might


   Skills:
 - Level 3.4 Fighting
 + Level 9.8 Axes
 - Level 3.1 Armour
 - Level 0.6 Dodging
 - Level 3.3 Shields


You had 8 spell levels left.
You didn't know any spells.

Dungeon Overview and Level Annotations

Branches:
Dungeon (7/27)
 Temple: D:4-7          Orc: D:6-11

Altars:
Ashenzari
Elyvilon
Kikubaaqudgha
Sif Muna
Xom

Shops:
D:5: +

Annotations
D:7 MarVin's ghost, experienced DsFi


Innate Abilities, Weirdness & Mutations

You have a pair of small horns on your head.
You are partially covered in iridescent scales (AC +4).


Message History

The orc warrior hits you with an orcish great mace.
You hit the orc warrior.
You headbutt the orc warrior, but do no damage.
The orc warrior is moderately wounded.
You closely miss the orc warrior.
The orc warrior is moderately wounded.
You block the orc warrior's attack.
You hit the orc warrior but do no damage.
The orc warrior is moderately wounded.
The orc warrior hits you with an orcish great mace!
You slash the orc warrior! You headbutt the orc warrior.
The orc warrior is severely wounded.
You hit the orc warrior.
The orc warrior is severely wounded.
The orc warrior hits you with an orcish great mace!
* * * LOW HITPOINT WARNING * * *
A spear hits the orc warrior, but does no damage!
The orc warrior picks up a spear.
The orc warrior throws a spear.
The spear hits you!
You die...

..........................%......
..............[...........(......
.................................
.................................
..[..............................
...................#.............
..............................>..
...................(.#...........
............o...@<....##........#
......................#......####
..#...................#...####
....................##......#
............................#
............................#
....%....................####
#..>.....................#
.........................#


You could see an orc warrior.

Vanquished Creatures
  A trapdoor spider zombie (D:6)
  Eustachio (D:5)
  Edmund (D:5)
  A necrophage (D:5)
  A sky beast (D:6)
  2 ogres
  A phantom (D:6)
  Sigmund (D:3)
  3 centaurs
  Blork the orc (D:5)
  A giant frog zombie (D:7)
  A scorpion (D:6)
  An orc priest (D:6)
  3 hounds
  A worker ant (D:4)
  An iguana (D:4)
  2 orc wizards (D:7)
  Ijyb (D:5)
  A jelly (D:5)
  9 adders
  4 gnolls (D:2)
  An iguana zombie (D:6)
  An adder skeleton (D:5)
  3 giant mites
  An inept feature mimic (D:7)
  A worm (D:2)
  A giant eyeball (D:5)
  5 giant geckos
  An ooze (D:5)
  8 orcs
  7 giant cockroaches
  13 goblins
  12 hobgoblins
  5 jackals
  A quokka (D:5)
  A ball python (D:1)
  19 bats
  3 giant newts
  2 hobgoblin zombies
  19 kobolds
  An orc zombie (D:5)
  A quokka skeleton (D:5)
  7 rats
151 creatures vanquished.

Vanquished Creatures (others)
  A goblin (D:5)
  A kobold (D:5)
2 creatures vanquished.

Grand Total: 153 creatures vanquished

Notes
Turn   | Place    | Note
--------------------------------------------------------------
     0 | D:1      | MarVin, the Demonspawn Fighter, began the quest for the Orb.
     0 | D:1      | Reached XP level 1. HP: 18/18 MP: 0/0
    98 | D:1      | Reached XP level 2. HP: 16/24 MP: 1/1
   538 | D:1      | Gained mutation: You have a pair of small horns on your head. [demonic ancestry]
   538 | D:1      | Reached XP level 3. HP: 25/30 MP: 2/2
   834 | D:2      | Found a deep blue altar of Sif Muna.
   972 | D:2      | Found an ancient bone altar of Kikubaaqudgha.
  1175 | D:2      | Gained mutation: You are partially covered in iridescent scales (AC +4). [demonic ancestry]
  1175 | D:2      | Reached XP level 4. HP: 19/36 MP: 3/3
  2455 | D:3      | Noticed Sigmund
  2569 | D:2      | Reached XP level 5. HP: 8/42 MP: 4/4
  3473 | D:4      | Reached skill level 4 in Axes
  3590 | D:4      | Found a shimmering altar of Xom.
  4177 | D:3      | Killed Sigmund
  4177 | D:3      | Reached skill level 5 in Axes
  4177 | D:3      | Reached XP level 6. HP: 45/48 MP: 5/5
  4378 | D:5      | Entered Level 5 of the Dungeon
  4385 | D:5      | Noticed Ijyb
  4426 | D:5      | Killed Ijyb
  4495 | D:5      | Noticed Blork the orc
  4510 | D:5      | Killed Blork the orc
  4737 | D:5      | Reached skill level 6 in Axes
  4737 | D:5      | Reached XP level 7. HP: 40/53 MP: 6/6
  4875 | D:5      | Paralysed by a giant eyeball for 3 turns
  4894 | D:5      | Noticed Edmund
  4963 | D:5      | Found Ahiud's Book Shop.
  5389 | D:5      | Noticed Eustachio
  5408 | D:5      | Killed Eustachio
  5532 | D:5      | Reached skill level 7 in Axes
  5852 | D:5      | Killed Edmund
  5957 | D:5      | Reached XP level 8. HP: 54/60 MP: 7/7
  6681 | D:5      | Reached skill level 8 in Axes
  6879 | D:6      | Found a shattered altar of Ashenzari.
  7014 | D:6      | Noticed a trapdoor spider zombie
  7370 | D:6      | Killed a trapdoor spider zombie
  7370 | D:6      | Reached skill level 9 in Axes
  7460 | D:6      | Found a white marble altar of Elyvilon.
  8936 | D:7      | Noticed MarVin's ghost (experienced DsFi)
  9040 | D:7      | Found a staircase to the Orcish Mines.
  9062 | D:7      | the staircase to the Orcish Mines was a mimic.
  9070 | D:7      | Reached XP level 9. HP: 59/59 MP: 8/8
  9167 | D:6      | Hit by a spear thrown by an orc warrior

Action                   |  1- 3 |  4- 6 |  7- 9 || total
-------------------------+-------+-------+-------++-------
Melee: Hand axe          |   147 |   271 |   331 ||   749
 Fire: Crossbow          |       |       |    22 ||    22
Throw: Hand axe          |       |     1 |       ||     1
Evoke: Wand              |       |     3 |     1 ||     4
  Use: Scroll            |       |     4 |     2 ||     6
       Potion            |       |     1 |     2 ||     3
